 Dungeon Crawl Stone Soup version 0.26-a0-639-g72c4674329 (webtiles) character file.

Game seed: 3092207104941577405

1775 Gottschkopf the Martial Artist (level 8, 0/59 HPs)
             Began as a Purple Draconian Transmuter on Sept 16, 2020.
             Was a Follower of Cheibriados.
             Succumbed to a water moccasin's poison
             ... on level 5 of the Dungeon.
             The game lasted 00:10:32 (5568 turns).

Gottschkopf the Martial Artist (DrTm)               Turns: 5568, Time: 00:10:33

Health: 0/59       AC:  7    Str: 15    XL:     8   Next: 80%
Magic:  8/11       EV: 13    Int: 19    God:    Cheibriados [*.....]
Gold:   443        SH:  5    Dex: 23    Spells: 5/11 levels left

rFire    . . .     SeeInvis .     - Unarmed
rCold    . . .     Faith    .   (no shield)
rNeg     . . .     Spirit   .   (armour unavailable)
rPois    .         Reflect  +   (helmet currently unavailable)
rElec    +         Harm     .   (no cloak)
rCorr    .         Rampage  .   i - +0 pair of gloves
MR       +....                  (boots currently unavailable)
Stlth    ++........             c - amulet of reflection
HPRegen  0.19/turn              u - +6 ring of dexterity
MPRegen  0.12/turn              (no ring)

@: lethally poisoned (0 -> -14), appendages, very slow
A: breathe power, unfitting armour, horns 2, talons 2, agile 1, screaming 1,
electricity resistance, cold-blooded, AC +6
a: Breathe Dispelling Energy, End Transformation, Bend Time, Renounce Religion


You were on level 5 of the Dungeon.
You worshipped Cheibriados.
Cheibriados was aware of your devotion.
You had grown temporary horns.
You had grown temporary talons.
You visited 2 branches of the dungeon, and saw 7 of its levels.

You collected 443 gold pieces.

Inventory:

Missiles
 p - 5 boomerangs (quivered)
Armour
 i - a +0 pair of gloves (worn)
Jewellery
 c - an amulet of reflection (around neck)
 u - a +6 ring of dexterity (left hand)
Wands
 o - a wand of acid (9)
Scrolls
 b - a scroll of blinking {unknown}
 f - 4 scrolls of noise {unknown}
 h - a scroll of teleportation {unknown}
 k - 4 scrolls of remove curse
 l - 2 scrolls of amnesia {unknown}
 q - a scroll of random uselessness {unknown}
 r - a scroll of fog {unknown}
 t - 2 scrolls of enchant armour {unknown}
Potions
 a - a potion of ambrosia
 d - a potion of heal wounds {unknown}
 e - 3 potions of mutation
 g - 4 potions of degeneration
 j - 2 potions of curing
 m - 2 potions of magic
 n - a potion of lignification
 s - a potion of stabbing
 v - a potion of brilliance {unknown}


   Skills:
 - Level 1.1 Fighting
 - Level 1.7 Dodging
 - Level 10.0 Unarmed Combat
 - Level 2.4 Spellcasting
 + Level 6.3 Transmutations
 - Level 1.2 Poison Magic


You had 5 spell levels left.
You knew the following spells:

 Your Spells              Type           Power        Failure   Level
a - Beastly Appendage     Tmut           ####..       1%          1
b - Spider Form           Tmut/Pois      ###.......   10%         3
c - Wereblood             Tmut           ####....     1%          2

Your spell library contained the following spells:

 Spells                   Type           Power        Failure   Level
 Blade Hands              Tmut           ####......   32%         5
 Ice Form                 Ice/Tmut       ##......     41%         4


Dungeon Overview and Level Annotations

Branches:
Dungeon (6/15)             Temple (1/1) D:5

Altars:
Cheibriados
Dithmenos
Fedhas
Hepliaklqana
Kikubaaqudgha
Makhleb
Nemelex Xobeh
Okawaru
Ru
Trog
Vehumet
Yredelemnul
Zin
The Shining One


Innate Abilities, Weirdness & Mutations

You can breathe bolts of dispelling energy.
Your rich purple scales are hard. (AC +6)
You cannot fit into any form of body armour.
You are cold-blooded and may be slowed by cold attacks.
You have a pair of horns on your head.
You have razor-sharp toenails.
You are agile. (Dex +2)
You occasionally shout uncontrollably at your foes.
You are resistant to electric shocks. (rElec)


Message History

You punch the water moccasin!
The water moccasin is almost dead.
* * * LOW HITPOINT WARNING * * *
You feel sick. You block the water moccasin's attack.
You closely miss the water moccasin. Your kick misses the water moccasin.
The water moccasin is almost dead.
* * * LOW HITPOINT WARNING * * *
You feel sick.
The water moccasin bites you but does no damage.
You hit the water moccasin.
You kill the water moccasin!
Cheibriados appreciates the change of pace.
Your Transmutations skill increases to level 6!
* * * LOW HITPOINT WARNING * * *
You feel sick.
* * * LOW HITPOINT WARNING * * *
You feel sick.
* * * LOW HITPOINT WARNING * * *
You feel sick.
You die...

#............#'### #.......#
#######...####.#####.......#
#................)#..#
#..#####.######.#.#..# #..#
#........#.#..# #..#
#.######.#.#### #..# #.#
#.#.## #..#############...#
#....@........†....#
#.....##########...#
#.....#.# #...#
#.....#.###### #####
#.....#......#
#############'####......#
#......[......# #......#
###.##############......#
#.# #...............#


There were no monsters in sight!

Vanquished Creatures
  4 yaks (D:6)
  Edmund (D:4)
  A water moccasin (D:5)
  An orc warrior (D:6)
  An ogre (D:4)
  2 eyes of draining (D:4)
  A water moccasin skeleton (D:4)
  A centaur zombie (D:2)
  A jelly (D:6)
  An orc priest (D:5)
  2 bullfrog skeletons
  A hound (D:6)
  3 orc wizards
  An iguana (D:6)
  2 worker ants (D:4)
  A gnoll (D:4)
  7 adders
  4 oozes
  4 worms
  A dart slug (D:1)
  3 leopard geckos
  18 orcs
  A ball python (D:2)
  8 giant cockroaches
  13 goblins
  8 hobgoblins
  13 jackals
  7 bats
  4 frilled lizards
  4 kobolds
  8 rats
127 creatures vanquished.

Vanquished Creatures (others)
  A kobold (D:3)
1 creature vanquished.

Grand Total: 128 creatures vanquished

Notes
Turn   | Place    | Note
-------+----------+-------------------------------------------
     0 | D:1      | Gottschkopf the Draconian Transmuter began the quest for
                  | the Orb.
     0 | D:1      | Reached XP level 1. HP: 16/16 MP: 3/3
   155 | D:1      | Reached XP level 2. HP: 23/23 MP: 3/5
   511 | D:1      | Reached skill level 4 in Unarmed Combat
   764 | D:1      | Reached XP level 3. HP: 28/28 MP: 4/6
   771 | D:1      | Learned a level 3 spell: Spider Form
   774 | D:1      | Learned a level 2 spell: Wereblood
  1252 | D:2      | Reached skill level 1 in Poison Magic
  1256 | D:2      | Reached XP level 4. HP: 31/35 MP: 7/7
  1555 | D:2      | Reached XP level 5. HP: 40/40 MP: 4/8
  2961 | D:4      | Reached skill level 5 in Transmutations
  2961 | D:4      | Reached XP level 6. HP: 46/47 MP: 7/9
  3022 | D:4      | Reached skill level 5 in Unarmed Combat
  3455 | D:4      | Found a bloodstained altar of Trog.
  3473 | D:4      | Reached skill level 6 in Unarmed Combat
  3473 | D:4      | Your scales start taking on a rich purple colour.
  3473 | D:4      | Reached XP level 7. HP: 52/52 MP: 0/10
  3599 | D:4      | Found a snail-covered altar of Cheibriados.
  3607 | D:4      | Became a worshipper of Cheibriados the Contemplative
  3613 | D:4      | Noticed Edmund
  3636 | D:4      | Killed Edmund
  3760 | D:4      | Reached skill level 7 in Unarmed Combat
  3945 | D:5      | Entered Level 5 of the Dungeon
  3961 | D:5      | Found a staircase to the Ecumenical Temple.
  3971 | Temple   | Entered the Ecumenical Temple
  4530 | D:5      | Reached * piety under Cheibriados
  4967 | D:6      | Found a sparkling altar of Nemelex Xobeh.
  4987 | D:6      | Noticed a yak
  4988 | D:6      | Noticed a yak
  4988 | D:6      | Noticed a yak
  4989 | D:6      | Noticed a yak
  5006 | D:6      | Killed a yak
  5006 | D:6      | Reached skill level 8 in Unarmed Combat
  5010 | D:6      | Killed a yak
  5010 | D:6      | Reached XP level 8. HP: 14/59 MP: 6/11
  5016 | D:6      | Reached skill level 9 in Unarmed Combat
  5027 | D:6      | Gained mutation: You are agile. (Dex +2) [potion of
                  | mutation]
  5027 | D:6      | Gained mutation: You occasionally shout uncontrollably at
                  | your foes. [potion of mutation]
  5027 | D:6      | Gained mutation: You are resistant to electric shocks.
                  | (rElec) [potion of mutation]
  5551 | D:6      | Reached skill level 10 in Unarmed Combat
  5567 | D:5      | HP: 2/59 [poisoned by a water moccasin]
  5568 | D:5      | Succumbed to a water moccasin's poison

Illustrated notes

Levels and vault maps discovered:
D:1:      heliophobic_arrival_enchanted_forest, layout_loops_corners
D:2:      layout_basic, st_stairs_2, minmay_misc_feat_nine_boxes,
          minmay_misc_feat_diagonals
D:3:      layout_basic
D:4:      cheibrodos_old_hovel, layout_basic, cheibriados_altar_1,
          trog_eyes_of_draining, uniq_edmund
D:5:      layout_basic, minmay_temple_entry_waves
D:6:      layout_cave_pools, nemelex_xobeh_ov_fountains_minmay
Temple:   dpeg_three_leaves_temple

Skill      XL: |  1  2  3  4  5  6  7  8 |
---------------+-------------------------+-----
Unarmed Combat | 4 6 8 10 | 10.0
Poison Magic   | 1 |  1.2
Transmutations | 3 5 6 |  6.3
Fighting       | |  1.1
Dodging        | |  1.7
Spellcasting   | |  2.4

Action                   |  1- 3 |  4- 6 |  7- 9 || total
-------------------------+-------+-------+-------++-------
Melee: Unarmed           |    99 |   174 |   105 ||   378
       Kick              |    21 |    34 |    14 ||    69
       Headbutt          |     7 |    17 |     8 ||    32
       Tailslap          |     9 |    19 |     5 ||    33
       Punch             |     2 |     5 |     2 ||     9
 Cast: Beastly Appendage |    27 |    26 |    13 ||    66
       Wereblood         |       |     6 |     6 ||    12
       Spider Form       |       |     4 |     7 ||    11
  Use: Scroll            |       |       |     6 ||     6
       Potion            |       |       |     3 ||     3
 Stab: Sleeping          |       |       |     3 ||     3
Armor: Skin              |    22 |    37 |    11 ||    70
Dodge: Dodged            |    41 |   103 |    66 ||   210
Block: Other             |     7 |    40 |    24 ||    71
       Reflection        |       |     4 |       ||     4

Table legend: (Time is in decaauts)
 A = Elapsed time spent in this place.
 B = Non-inter-level travel time spent in this place.
 C = Inter-level travel time spent in this place.
 D = Time resting spent in this place.
 E = Time spent auto-exploring this place.
 F = Levels seen in this place.
 G = Mean time per level.
                   A        B        C        D        E       F      G
               +--------+--------+--------+--------+--------+-----+--------+
         Total |   5915 |   5798 |    117 |     23 |   4856 |   7 |  845.0 |
       Dungeon |   5913 |   5796 |    117 |     23 |   4856 |   6 |  985.5 |
        Temple |      1 |      1 |      0 |      0 |      0 |   1 |    1.0 |
               +--------+--------+--------+--------+--------+-----+--------+

Top non-repeatable levels by time:
     D:5: 1288 daAuts
     D:4: 1120 daAuts
     D:2: 1018 daAuts
     D:1: 991 daAuts
     D:3: 848 daAuts
     D:6: 646 daAuts
  Temple: 1 daAuts
